 Dungeon Crawl Stone Soup version 0.24.0-37-gcf1ca852f1 (webtiles) character file.

Game seed: 18000262174247535855, levelgen mode: deterministic

46 PentaManta the Skirmisher (level 3, -3/30 (33) HPs)
             Began as a Ghoul Monk on Dec 5, 2019.
             Killed from afar by an electric eel (10 damage)
             ... with a bolt of electricity
             ... on level 6 of the Dungeon.
             The game lasted 00:02:33 (1121 turns).

PentaManta the Skirmisher (Ghoul Monk)              Turns: 1121, Time: 00:02:33

HP:   -3/30 (33)    AC:  2    Str: 15    XL:     3   Next: 66%
MP:   2/2           EV: 13    Int:  5    God:
Gold: 107           SH:  0    Dex: 11    Spells: 2/2 levels left

rFire    . . .     SeeInvis +     - Unarmed
rCold    + . .     Gourm    .   (no shield)
rNeg     + + +     Faith    .   a - +0 robe
rPois    ∞         Spirit   .   (no helmet)
rElec    .         Reflect  .   (no cloak)
rCorr    .         Harm     .   (no gloves)
MR       .....                  (no boots)
Stlth    ++........             (no amulet)
HPRegen  0.00/turn              d - ring of see invisible
MPRegen  0.08/turn              (no ring)

@: rotting
A: rotting body, claws 1, carnivore, cold resistance 1, negative energy
resistance 3, inhibited regeneration, torment resistance, unbreathing
a: no special abilities


You were on level 6 of the Dungeon.
You were not hungry.

You visited 1 branch of the dungeon, and saw 4 of its levels.

You collected 107 gold pieces.

Inventory:

Armour
 a - a +0 robe (worn)
 k - a +0 shield
Jewellery
 d - a ring of see invisible (left claw)
Scrolls
 e - 5 scrolls of identify {unknown}
 f - 2 scrolls of teleportation {unknown}
 g - a scroll of random uselessness {unknown}
 i - a scroll of fear {unknown}
 l - a scroll of remove curse {unknown}
 m - a scroll of amnesia {unknown}
 n - a scroll of fog {unknown}
Potions
 c - a potion of heal wounds {unknown}
 h - 2 potions of flight {unknown}
 j - a potion of magic {unknown}
 o - a potion of degeneration {unknown}
 p - 2 potions of curing {unknown}
Comestibles
 b - 5 rations


   Skills:
 + Level 3.7 Fighting
 + Level 3.1 Dodging
 + Level 3.0 Stealth
 + Level 3.7 Unarmed Combat


You had 2 spell levels left.
You didn't know any spells.
Your spell library was empty.

Dungeon Overview and Level Annotations

Branches:
Dungeon (3/15)

Altars:
The Shining One


Innate Abilities, Weirdness & Mutations

Your body is rotting away.
You thrive on raw meat.
You are immune to poison.
You have sharp fingernails.
You are carnivorous and can eat meat at any time.
Your flesh is cold resistant. (rC+)
You are immune to negative energy. (rN+++)
You do not regenerate when monsters are visible.
You are immune to unholy pain and torment.
You can survive without breathing.


Message History

Found a stone staircase leading down.
There is a stone staircase leading up here.
There is a shaft here.
You fall into a shaft and drop 3 floors!
The shaft crumbles and collapses.
You hear the sound of rushing water.
There is an entrance to a sewer on this level.
Hurry and find it before the portal rusts away!
Found 19 stones.
A giant cockroach and a scorpion come into view.
You see here 19 stones.
An orc and an electric eel come into view.
An electric eel comes into view.
The electric eel shoots out a bolt of lightning at you!
The bolt of electricity hits you.
* * * LOW HITPOINT WARNING * * *
An adder comes into view.
The adder hisses angrily.
The electric eel shoots out a bolt of lightning at you!
The bolt of electricity hits you!
You die...

#.................
#.####...........
#.....(.....# ###.
#...P♣......#
.S...
#.P.≈.♣.....#
....#
#.≈s.≈.≈....##....
#P≈.≈.≈sP.....#
#..≈≈≈≈≈......#
#.≈≈≈≈.≈....@.#
...≈≈o;≈......#
♣≈.≈≈≈..#......
.≈≈≈..≈..........
P≈≈;≈≈P...........
P≈≈≈P..........#.
P.P.....######..
....... ..


You could see a scorpion, 2 electric eels, an adder and an orc.

Vanquished Creatures
  An adder (D:2)
  2 oozes (D:1)
  A dart slug (D:1)
  A leopard gecko (D:1)
  An orc (D:2)
  A giant cockroach (D:1)
  3 goblins
  3 hobgoblins
  2 jackals (D:2)
  5 frilled lizards
  2 kobolds
  4 rats
26 creatures vanquished.

Notes
Turn   | Place    | Note
-------+----------+-------------------------------------------
     0 | D:1      | PentaManta the Ghoul Monk began the quest for the Orb.
     0 | D:1      | Reached XP level 1. HP: 19/19 MP: 0/0
    88 | D:1      | Reached XP level 2. HP: 24/26 MP: 1/1
   345 | D:1      | Reached XP level 3. HP: 10/30 MP: 2/2
   797 | D:2      | Found a glowing golden altar of the Shining One.
  1112 | D:3      | You fall into a shaft and drop 3 floors!
  1113 | D:6      | Noticed a scorpion
  1121 | D:6      | Killed from afar by an electric eel

Levels and vault maps discovered:
D:1:      roderic_crop_circles_arrival_small, layout_loops_ring,
          grunt_decor_arrowhead, minmay_three_crescents
D:2:      layout_loops_ring, lemuel_doored_altar
D:3:      layout_basic, eat_drink_and_be_merry_uskayaw, first_ration,
          okawaru_altar_gauntlet_db, uniq_terence, uniq_ijyb
D:6:      gammafunk_cloud_chamber, layout_basic, serial_bayou,
          serial_bayou_pond_a, serial_bayou_crossing, serial_bayou_pond_a,
          serial_bayou_pond_b, cheibrodos_sewer_entry_bend

Skill      XL: |  1  2  3 |
---------------+----------+-----
Dodging        | 3 |  3.1
Stealth        | 3 |  3.0
Fighting       | |  3.7
Unarmed Combat | |  3.7

Action                   || total
-------------------------++-------
Melee: Unarmed           ||    92
  Eat: Chunk             ||     1
Armor: Robe              ||    10
Dodge: Dodged            ||    55
